 Dungeon Crawl Stone Soup version 0.30.1-11-g7821555f0a (webtiles) character file.

Game seed: 16254181353451267937

410 Okkudo the Cleaver (level 6, -1/51 HPs)
             Began as a Hill Orc Monk on Nov 29, 2023.
             Slain by Duvessa
             ... wielding a +3 short sword of freezing
              (3 damage)
             ... on level 4 of the Dungeon.
             The game lasted 00:12:10 (2459 turns).

Okkudo the Cleaver (Hill Orc Monk)                  Turns: 2459, Time: 00:12:10

Health: -1/51      AC:  9    Str: 22    XL:     6   Next: 89%
Magic:  6/6        EV:  9    Int: 10    God:
Gold:   58         SH:  0    Dex: 13    Spells: 5/5 levels left

rFire   . . .        c - +7 great mace "Undeadhunter" {deathbane, rN+}
rCold   . . .        (shield currently unavailable)
rNeg    + . .        n - +0 chain mail
rPois   .            j - +0 helmet
rElec   .            (no cloak)
rCorr   .            (no gloves)
SInv    .            (no boots)
Will    .....        (no amulet) Stlth
                     b - +6 ring of strength
HPRegen 0.28/turn    (no ring)
MPRegen 0.10/turn

%: no passive effects
@: no status effects
A: no striking features
a: no special abilities


You were on level 4 of the Dungeon.
You visited 1 branch of the dungeon, and saw 4 of its levels.

You collected 58 gold pieces.

Inventory:

Hand Weapons
 c - the +7 great mace "Undeadhunter" (weapon) {deathbane, rN+}
   (You found it on level 4 of the Dungeon)

   rN:        It protects you from negative energy.
Missiles
 k - 6 poisoned darts (quivered)
Armour
 j - a +0 helmet (worn)
 n - a +0 chain mail (worn)
Jewellery
 b - a +6 ring of strength (left hand)
Scrolls
 e - a scroll of immolation {unknown}
 f - a scroll of torment {unknown}
 h - a scroll of amnesia {unknown}
 l - 2 scrolls of identify {unknown}
 q - a scroll of teleportation {unknown}
Potions
 g - a potion of lignification {unknown}
 i - 2 potions of curing {unknown}
 m - a potion of attraction {unknown}
 o - a potion of heal wounds {unknown}
 p - a potion of degeneration {unknown}


   Skills:
 - Level 3.6 Fighting
 * Level 9.9 Axes
 - Level 2.4 Dodging


You had 5 spell levels left.
You didn't know any spells.
Your spell library contained the following spells:

 Spells                   Type           Power      Damage    Failure   Level
 Necrotise                Necr           0%         1d4       96%         1
 Ensorcelled Hibernation  Hex/Ice        0%         N/A       99%         2
 Passwall                 Tmut/Erth      0%         N/A       99%         2
 Swiftness                Air            0%         N/A       100%        3
 Vampiric Draining        Necr           0%         2d6       100%        3
 Agony                    Necr           0%         N/A       100%        5


Dungeon Overview and Level Annotations

Branches:
Dungeon (4/15)
 Temple: D:4-7

Altars:
Dithmenos

Shops:
D:1 :   D:3 ?

Annotations:
D:4 Dowan, Duvessa


Message History

Duvessa gestures with her weapon.
You sock the black bear!
You kill the black bear!
Duvessa hits you with a +3 short sword of freezing.
Duvessa freezes you. Duvessa closely misses you.
You thump Duvessa!
Duvessa is moderately wounded.
Duvessa closely misses you. x2
You sock Duvessa!
Duvessa is heavily wounded.
Duvessa hits you with a +3 short sword of freezing.
Duvessa freezes you.
Duvessa hits you with a +3 short sword of freezing!
Duvessa freezes you.
You hit Duvessa but do no damage.
Duvessa is heavily wounded.
Duvessa hits you with a +3 short sword of freezing.
Duvessa freezes you.
Duvessa hits you with a +3 short sword of freezing.
Duvessa freezes you.
You sock Duvessa!
Duvessa is almost dead.
Duvessa hits you with a +3 short sword of freezing!
Duvessa freezes you.
* * * LOW HITPOINT WARNING * * *
Duvessa says, "Where magic fails, the sword succeeds!"
Duvessa hits you with a +3 short sword of freezing.
* * * LOW HITPOINT WARNING * * *
Duvessa freezes you.
* * * LOW HITPOINT WARNING * * *
Dowan attacks as you move away! Dowan hits you with a +0 dagger.
* * * LOW HITPOINT WARNING * * *
Duvessa attacks as you move away! Duvessa hits you but does no damage.
There is a stone staircase leading down here.
Duvessa hits you but does no damage.
Duvessa hits you with a +3 short sword of freezing.
* * * LOW HITPOINT WARNING * * *
Duvessa freezes you.
You die...

###### ##.... ..#.#
#... #####..#
#.##......#
#.##.....[####.###
#.##.....<........
#.##...@.#########
#.##..ee†#### .
#.###.......## .#
#.##.###.###(##.##.#
####.##.#.....#........
#...e...#.###.#..#.##.#
#.#####.#..[..#.## #
#.# #.#.###.#.# #h#
#.#.....#.#


You could see Duvessa (fast) and Dowan.

Vanquished Creatures
  2 black bears
  A scorpion (D:4)
  Jessica (D:2)
  An iguana (D:4)
  4 adders
  A worm (D:2)
  3 dart slugs
  2 orcs
  3 endoplasms
  2 giant cockroaches
  8 goblins
  8 hobgoblins
  7 jackals
  2 quokkas (D:2)
  6 ball pythons
  2 bats (D:1)
  5 frilled lizards
  7 kobolds
  9 rats
74 creatures vanquished.

Notes
Turn   | Place    | Note
-------+----------+-------------------------------------------
     0 | D:1      | Okkudo the Hill Orc Monk began the quest for the Orb.
     0 | D:1      | Reached XP level 1. HP: 19/19 MP: 1/1
     7 | D:1      | Found Deg Efah's Vocational Training.
    83 | D:1      | Reached XP level 2. HP: 15/26 MP: 2/2
   180 | D:1      | Reached skill level 5 in Axes
   245 | D:1      | Reached XP level 3. HP: 29/31 MP: 3/3
   767 | D:2      | Reached skill level 6 in Axes
   815 | D:2      | Found a faded altar of an unknown god.
   990 | D:2      | Reached XP level 4. HP: 39/39 MP: 4/4
  1068 | D:2      | Noticed Jessica
  1082 | D:2      | Killed Jessica
  1132 | D:2      | Reached skill level 7 in Axes
  1576 | D:3      | Reached XP level 5. HP: 45/45 MP: 5/5
  1801 | D:3      | Found a shadowy altar of Dithmenos.
  1940 | D:3      | Found The Oracle's Delphic Readings.
  2271 | D:4      | Reached skill level 8 in Axes
  2277 | D:4      | Reached XP level 6. HP: 27/51 MP: 6/6
  2286 | D:4      | Noticed a black bear
  2318 | D:3      | Killed a black bear
  2319 | D:3      | Reached skill level 9 in Axes
  2351 | D:4      | Found the +7 great mace "Undeadhunter" {deathbane, rN+}
  2419 | D:4      | Noticed a black bear
  2421 | D:4      | Noticed Dowan
  2421 | D:4      | Noticed Duvessa
  2451 | D:4      | Killed a black bear
  2459 | D:4      | HP: 2/51 [Duvessa/+3 short sword of freezing (6)]
  2459 | D:4      | Slain by Duvessa

Illustrated notes

Levels and vault maps discovered:
D:1:      dpeg_arrival_long_road, layout_basic, nicolae_shop_vocational
D:2:      layout_loops_cross, ebering_ecumenical_altar_rust, uniq_jessica
D:3:      layout_loops_ring, nicolae_dithmenos_the_darkroom,
          nicolae_nh_oracle_at_delphi
D:4:      layout_loops_ring, okawaru_gym_becter, minmay_checkerbox,
          uniq_duvessa, uniq_pikel

Skill      XL: |  1  2  3  4  5  6 |
---------------+-------------------+-----
Axes           | 5 6 7 8 9 |  9.9
Fighting       | |  3.6
Dodging        | |  2.4

Action                     |  1- 3 |  4- 6 || total
---------------------------+-------+-------++-------
  Melee: Hand axe          |   101 |    92 ||   193
         Great mace        |       |     6 ||     6
    Use: Potion            |       |     1 ||     1
 Armour: Robe              |    15 |     2 ||    17
         Scale mail        |       |     7 ||     7
         Chain mail        |       |    48 ||    48
  Dodge: Dodged            |    49 |    66 ||   115
